 Dungeon Crawl Stone Soup version 0.20.1-1-g8b1a95d (webtiles) character file.

586 Jazqa the Covert (level 7, -2/37 HPs)
             Began as a Spriggan Assassin on Oct 27, 2017.
             Was a Priest of Lugonu.
             Slain by a gnoll shaman
             ... wielding a +0 club
              (4 damage)
             ... on level 5 of the Dungeon.
             The game lasted 00:11:13 (5783 turns).

Jazqa the Covert (Spriggan Assassin)                Turns: 5783, Time: 00:11:14

Health: -2/37      AC:  3    Str:  7    XL:     7   Next: 15%
Magic:  6/9        EV: 19    Int: 13    God:    Lugonu [***...]
Gold:   203        SH:  0    Dex: 19    Spells: 6/6 levels left

rFire    . . .     SeeInvis +   o - +2 dagger (drain)
rCold    . . .     Gourm    .   (shield restricted)
rNeg     + . .     Faith    .   c - +0 robe
rPois    .         Spirit   .   (helmet restricted)
rElec    .         Reflect  .   d - +0 cloak
rCorr    .         Harm     .   (gloves unavailable)
MR       +....                  (boots unavailable)
Stlth    ++++......             (no amulet)
Regen    0.2/turn               N - ring of positive energy
MPRegen  0.2/turn               (no ring)

@: marked, very quick
A: unfitting armour, see invisible, herbivore 3, speed 3, slow metabolism 2
a: Depart the Abyss, Bend Space, Banish, Renounce Religion


You were on level 5 of the Dungeon.
You worshipped Lugonu.
Lugonu was most pleased with you.
You were very hungry.

You visited 1 branch of the dungeon, and saw 5 of its levels.

You collected 203 gold pieces.


Innate Abilities, Weirdness & Mutations

You are very small and have problems with some larger weapons.
You are too small for most types of armour.
You have supernaturally acute eyesight. (SInv)
You are a herbivore.
You cover ground extremely quickly.
You need consume almost no food.


   Skills:
 + Level 3.9 Fighting
 + Level 4.6 Short Blades
 - Level 2.0 Throwing
 + Level 3.5 Dodging
 + Level 8.3 Stealth
 + Level 1.8 Invocations


You had 6 spell levels left.
You didn't know any spells.

Inventory:

Hand Weapons
 b - a +0 blowgun {@w1}
 o - a +2 dagger of draining (weapon)
Missiles
 e - 52 poisoned needles (quivered)
 f - 2 curare-tipped needles {=f}
Armour
 c - a +0 robe (worn)
 d - a +0 cloak (worn)
Jewellery
 N - a ring of positive energy (left hand)
Scrolls
 n - 3 scrolls of identify {@r1}
Potions
 a - 2 potions of magic {unknown}
 h - 2 potions of haste {unknown}
 k - 2 potions of flight {unknown}
 l - 3 potions of heal wounds {@q2}
 m - a potion of mutation {unknown}
 r - a potion of resistance {unknown}
Books
 p - a book of Cantrips

   Spells                             Type                      Level
   a - Confusing Touch                Hexes                        1
   b - Animate Skeleton               Necromancy                   1
   c - Summon Small Mammal            Summoning                    1
   d - Apportation                    Translocation                1
Comestibles
 g - 3 bread rations {@e1}
 i - 2 royal jellies {@e3}
 j - 3 fruits {@e2}

Dungeon Overview and Level Annotations

Branches:
Dungeon (5/15)             Temple (0/1) D:5

Altars:
Lugonu

Shops:
D:5

? #.# #.# #(# ##### ###
#.# #...#...
#.#########...#!###
#.g.g.g.Y.Z?.......
####.#########lg.#.###
.....# #...# # .....#
#.g@#.# ## .....#
#...#.# ..
.....#########...#.#.##
....>..((.............
............../..).#
##'#..(....#####.###
#.#######.#..(....#
##.##............#.....
...##.........#####.....


You could see a gnoll shaman, a gnoll, a giant cockroach zombie and a frilled
lizard.


Message History

The sky beast completely misses you.
The sky beast flickers out of sight for a moment.
The gnoll throws a throwing net.
The throwing net hits you.
You become entangled in the net!
You see here a throwing net {=f}.
Unknown command.
You struggle against the net.
You struggle against the net.
You struggle against the net.
The sky beast hits you. The sky beast shocks you.
The gnoll hits you with a club.
You struggle against the net.
The sky beast hits you.
* * * LOW HITPOINT WARNING * * *
The sky beast shocks you.
* * * LOW HITPOINT WARNING * * *
The gnoll hits you with a club.
* * * LOW HITPOINT WARNING * * *
A frilled lizard comes into view.
Use which ability? (? or * to list) Space bends around you!
You blink.
Use which ability? (? or * to list) Space bends around you!
You blink.
The gnoll barely misses you.
The frilled lizard completely misses you.
Use which ability? (? or * to list) Space bends around you!
You blink.
The gnoll barely misses you.
You are no longer glowing.
The gnoll shaman hits you with a club.
You die...

Skill      XL: |  1  2  3  4  5  6 |
---------------+-------------------+-----
Stealth        | 6 7 8 |  8.3
Fighting       | 2 3 |  3.9
Short Blades   | 3 4 |  4.6
Dodging        | 3 |  3.5
Invocations    | 1 |  1.8
Throwing       | |  2.0

Action                   |  1- 3 |  4- 6 |  7- 9 || total
-------------------------+-------+-------+-------++-------
Melee: Dagger            |   127 |   429 |    20 ||   576
Invok: Bend Space        |       |       |     3 ||     3
  Use: Scroll            |     5 |     5 |       ||    10
       Potion            |       |     1 |       ||     1
 Stab: Sleeping          |    14 |    20 |     2 ||    36
       Distracted        |       |       |     1 ||     1
  Eat: Royal jelly       |       |     1 |       ||     1
Armor: Robe              |    10 |    54 |     2 ||    66
Dodge: Dodged            |    91 |   418 |    13 ||   522

Vault maps used:
D:1:      arrival_zaba_pyramid, minivault_5
D:3:      kennysheep_six_static_rooms, chequers_ecumenical_altar_grove,
          uniq_natasha
D:5:      minmay_temple_entry_butterflies, first_bread, serial_shops, shop,
          basic_altar

Notes
Turn   | Place    | Note
-------+----------+-------------------------------------------
     0 | D:1      | Jazqa the Spriggan Assassin began the quest for the Orb.
     0 | D:1      | Reached XP level 1. HP: 10/10 MP: 2/2
   137 | D:1      | Reached skill level 6 in Stealth
   141 | D:1      | Reached XP level 2. HP: 15/15 MP: 3/3
   149 | D:1      | Reached skill level 2 in Fighting
   489 | D:1      | Reached XP level 3. HP: 18/18 MP: 4/4
  1216 | D:2      | Reached skill level 3 in Short Blades
  1603 | D:2      | Reached XP level 4. HP: 23/23 MP: 5/5
  2170 | D:3      | Reached skill level 3 in Fighting
  3130 | D:3      | Found a faded altar of an unknown god.
  3133 | D:3      | Became a worshipper of Lugonu the Unformed
  3133 | D:3      | Reached * piety under Lugonu
  3133 | D:3      | Reached ** piety under Lugonu
  3526 | D:2      | Reached skill level 7 in Stealth
  4060 | D:3      | Noticed Natasha
  4134 | D:4      | Reached XP level 5. HP: 28/28 MP: 6/6
  4408 | D:4      | Noticed an ogre
  4415 | D:4      | Killed an ogre
  4415 | D:4      | Reached skill level 4 in Short Blades
  4562 | D:5      | Entered Level 5 of the Dungeon
  4687 | D:4      | Reached XP level 6. HP: 19/32 MP: 7/7
  4894 | D:4      | Reached skill level 2 in Dodging
  5193 | D:5      | Noticed a sky beast
  5194 | D:5      | Killed a sky beast
  5194 | D:5      | Reached skill level 8 in Stealth
  5194 | D:5      | Reached skill level 1 in Invocations
  5266 | D:5      | Noticed a sky beast
  5269 | D:5      | Reached skill level 3 in Dodging
  5333 | D:3      | Killed Natasha
  5515 | D:3      | Noticed Natasha
  5529 | D:3      | Killed Natasha
  5529 | D:3      | Reached XP level 7. HP: 37/37 MP: 9/9
  5594 | D:3      | Reached *** piety under Lugonu
  5621 | D:3      | Noticed Natasha
  5632 | D:3      | Killed Natasha
  5701 | D:5      | Found a staircase to the Ecumenical Temple.
  5708 | D:5      | Found Inol's Magic Scroll Boutique.
  5783 | D:5      | Slain by a gnoll shaman

Vanquished Creatures
  A sky beast (D:5)
  A phantom (D:4)
  An ogre (D:4)
  An orc priest (D:5)
  An iguana (D:4)
  Natasha (thrice) (D:3)
  A gnoll (D:5)
  7 adders
  2 oozes
  A worm (D:3)
  3 dart slugs
  7 leopard geckos
  5 orcs (D:4)
  A ball python (D:2)
  9 bats
  5 giant cockroaches
  5 goblins
  11 hobgoblins
  10 jackals
  3 quokkas
  9 frilled lizards
  7 kobolds
  8 rats
  A butterfly (D:5)
103 creatures vanquished.
